 Dungeon Crawl Stone Soup version 0.28.0-45-g0d030f2227 (webtiles) character file.

Game seed: 5233203251121269267

8984 issech the Ducker (level 11, 0/93 (96) HPs)
             Began as a Troll Monk on Apr 19, 2022.
             Was an Elder of Hepliaklqana.
             Slain by a catoblepas (9 damage)
             ... while petrified by a catoblepas
             ... on level 10 of the Dungeon.
             The game lasted 00:50:12 (10846 turns).

issech the Ducker (Troll Monk)                     Turns: 10846, Time: 00:50:12

HP:   0/93 (96)     AC:  7    Str: 21    XL:     11   Next: 17%
MP:   10/10         EV:  1    Int:  6    God:    Hepliaklqana [****..]
Gold: 516           SH:  0    Dex: 22    Spells: 10/10 levels left

rFire   . . .      SeeInvis .   d - +9 staff of Olgreb {rPois∞}
rCold   + . .      Faith    .   j - orb {light}
rNeg    + + +      Spirit   .   M - +2 robe {rC+}
rPois   ∞          Reflect  .   (helmet restricted)
rElec   +          Harm     .   v - +0 cloak
rCorr   .          Rampage  .   (gloves unavailable)
Will    +....                   (boots unavailable)
Stlth   +.........              (no amulet)
HPRegen 1.05/turn               S - ring "Kiyt" {rElec Dex+6}
MPRegen 0.12/turn               G - ring of willpower

@: petrified, glowing, lightly drained
A: reduced essence, large, unfitting armour, claws 3, regeneration 1, shaggy fur
1, tough skin 1
a: Renounce Religion, Evoke the Staff of Olgreb, Recall Ancestor, Ancestor
Identity, Transference, Idealise


You were on level 10 of the Dungeon.
You worshipped Hepliaklqana.
Hepliaklqana was greatly pleased with you.
You visited 2 branches of the dungeon, and saw 11 of its levels.

You collected 516 gold pieces.

Inventory:

Hand Weapons
 d - the +9 staff of Olgreb (weapon) {rPois∞}
   (You found it on level 6 of the Dungeon)

   If the wielder is skilled in Evocations, they can envenom those struck by it,
   dealing poison damage which bypasses armour.
   It enhances your poison magic.
   It grants immunity to poison.
   It can be activated via the 'a'bility menu to radiate toxic energy, with
   effectiveness depending on Evocations skill.
 q - a +2 falchion of electrocution
 r - a +4 halberd
 B - a +4 great sword
 E - a +4 hand axe
 H - a +0 whip of venom
 I - a +2 rapier of venom
 U - a +2 flail of protection
 V - a +0 giant spiked club
 X - a +0 eveningstar
 Y - a +3 hand axe
Missiles
 a - 24 poisoned darts
 e - 95 arrows
 g - 249 stones
 l - 3 datura-tipped darts
 o - 20 boomerangs (quivered)
 p - 26 sling bullets
 t - 78 bolts
 F - a curare-tipped dart
 L - 6 throwing nets
Armour
 j - an orb of light (worn)
 v - a +0 cloak (worn)
 M - a +2 robe of cold resistance (worn)
 O - a +0 robe of willpower
 P - a scarf of shadows
Jewellery
 n - a ring of resist corrosion
 G - a ring of willpower (right claw)
 S - the ring "Kiyt" (left claw) {rElec Dex+6}
   (You found it on level 9 of the Dungeon)

   [ring of dexterity]

   Dex:       It affects your dexterity (+6).
   rElec:     It insulates you from electricity.
Wands
 s - a wand of flame (19)
 J - a wand of iceblast (25)
 R - a wand of acid (9)
Scrolls
 c - 3 scrolls of teleportation
 f - 4 scrolls of vulnerability
 m - 2 scrolls of magic mapping
 w - a scroll of noise
 y - 2 scrolls of blinking
 C - 2 scrolls of enchant armour
 D - a scroll of torment
 K - a scroll of amnesia
 T - a scroll of fear
 W - a scroll of identify
Potions
 b - 2 potions of might {unknown}
 h - 2 potions of resistance {unknown}
 i - 4 potions of haste {unknown}
 k - 2 potions of curing {unknown}
 u - a potion of flight {unknown}
 x - a potion of mutation {unknown}
 z - a potion of attraction {unknown}
 A - a potion of ambrosia {unknown}
 N - a potion of lignification {unknown}
 Q - 2 potions of heal wounds {unknown}


   Skills:
 + Level 6.9 Fighting
 + Level 5.2(6.4) Short Blades
 + Level 5.6(6.6) Long Blades
 + Level 5.9(6.2) Maces & Flails
 + Level 2.6(4.3) Staves
 + Level 4.6 Throwing
 + Level 7.0 Dodging
 + Level 3.2 Stealth


You had 10 spell levels left.
You didn't know any spells.
Your spell library contained the following spells:

 Spells                   Type           Power      Damage    Failure   Level
 Magic Dart               Conj           0%         1d3       45%         1
 Call Imp                 Summ           0%         N/A       58%         2
 Mephitic Cloud           Conj/Pois/Air  0%         N/A       83%         3
 Hailstorm                Conj/Ice       0%         3d3       99%         4
 Ice Form                 Ice/Tmut       0%         N/A       99%         4
 Alistair's Intoxication  Tmut/Pois      0%         N/A       100%        5
 Borgnjor's Vile Clutch   Necr/Erth      0%         N/A       100%        5
 Dispersal                Tloc           0%         N/A       100%        6
 Eringya's Noxious Bog    Tmut/Pois      0%         N/A       100%        6
 Simulacrum               Ice/Necr       0%         N/A       100%        6
 Disjunction              Tloc           0%         N/A       100%        8


Dungeon Overview and Level Annotations

Branches:
Dungeon (10/15)            Temple (1/1) D:4            Lair (0/6) D:9
    Orc (0/2) D:9

Altars:
Ashenzari
Cheibriados
Dithmenos
Elyvilon
Fedhas
Gozag
Hepliaklqana
Kikubaaqudgha
Makhleb
Nemelex Xobeh
Okawaru
Qazlal
Sif Muna
Trog
Uskayaw
Vehumet
Wu Jian
Xom
Yredelemnul
Zin
The Shining One

Shops:
D:2 :   D:6 [*   D:7 :   D:8 !!*=


Innate Abilities, Weirdness & Mutations

Your life essence is reduced to manifest your ancestor. (-10% HP)
You are too large for most types of armour.
You have claws for hands.
Your natural rate of healing is unusually fast.
You are covered in fur. (AC +1)
You have tough skin. (AC +1)


Message History

The two-headed ogre closely misses you. x2; Your limbs are stiffening.
You have turned to stone.
The two-headed ogre hits you with a +0 giant club!!
* * * LOW HITPOINT WARNING * * *
The two-headed ogre hits you with a +0 giant club!
* * * LOW HITPOINT WARNING * * *
The catoblepas breathes a plume of calcifying dust at you.
The blast of calcifying dust hits the two-headed ogre!
The blast of calcifying dust hits you.
* * * LOW HITPOINT WARNING * * *
You are engulfed in calcifying dust.
The catoblepas breathes a plume of calcifying dust at you.
The blast of calcifying dust hits the two-headed ogre!
The blast of calcifying dust hits you.
* * * LOW HITPOINT WARNING * * *
The two-headed ogre is engulfed in calcifying dust.
The two-headed ogre is moving more slowly.
The two-headed ogre hits you with a +0 giant club!
* * * LOW HITPOINT WARNING * * *
The two-headed ogre hits you with a +0 giant club!
* * * LOW HITPOINT WARNING * * *
You are engulfed in calcifying dust.
The two-headed ogre is engulfed in calcifying dust.
The two-headed ogre stops moving altogether!
The catoblepas breathes a plume of calcifying dust at you.
The blast of calcifying dust hits the two-headed ogre.
The blast of calcifying dust hits you but does no damage.
You are engulfed in calcifying dust.
The two-headed ogre is engulfed in calcifying dust.
Xiloxoch hits the catoblepas with a +0 quarterstaff!
You are engulfed in calcifying dust.
The two-headed ogre is engulfed in calcifying dust.
Xiloxoch hits the two-headed ogre with a +0 quarterstaff!
The catoblepas gores you but does no damage.
The two-headed ogre is engulfed in calcifying dust.
Xiloxoch hits the two-headed ogre with a +0 quarterstaff!
The catoblepas gores you but does no damage.
Xiloxoch hits the two-headed ogre with a +0 quarterstaff!!
The catoblepas gores you!!
You die...

#..##############..
#.>....... ....
###.######.. .....
#.......# ......#
#.#.#.#.# ......#
#.#...#R# #.###.#.#
#.....#R######+##
#######.O@§§.....
#.Y........
#.....§..$.
#........!.
#..........
#..........
#..........
#..........


You could see the friendly Xiloxoch the battlemage, a catoblepas (ally target)
and a two-headed ogre (petrified).

Vanquished Creatures
  The ghost of Malificent the Skirmisher, a novice DsFi (D:7)
  A troll (D:8)
  Sigmund (D:3)
  3 yaks
  A redback (D:6)
  5 water moccasins
  3 orc warriors
  A sky beast (D:6)
  An ice beast (D:7)
  A hornet zombie (D:6)
  A black bear (D:5)
  A necrophage (D:5)
  3 ogres
  A kobold brigand (D:9)
  A gnoll sergeant (D:9)
  7 scorpions
  3 wights
  8 killer bees
  A howler monkey (D:7)
  A jelly (D:2)
  An orc priest (D:4)
  5 hounds
  A gnoll shaman (D:7)
  2 centaur skeletons (D:6)
  Ijyb (D:3)
  3 orc wizards (D:8)
  A hound zombie (D:5)
  A hound skeleton (D:5)
  A howler monkey skeleton (D:5)
  14 gnolls
  3 adders
  A shadow imp (D:7)
  An adder skeleton (D:5)
  A worm (D:3)
  A dart slug (D:1)
  11 orcs
  6 bats
  3 endoplasms
  3 giant cockroaches
  2 hobgoblins (D:3)
  4 jackals
  A quokka (D:1)
  3 ball pythons
  2 frilled lizards
  6 goblins
  8 kobolds
  3 rats
134 creatures vanquished.

Vanquished Creatures (collateral kills)
  Prince Ribbit (D:8)
  A vampire (D:9)
  3 yaks (D:9)
  3 water moccasins
  Duvessa (D:4)
  A sky beast (D:7)
  An ice beast (D:6)
  5 orc warriors
  A necrophage (D:7)
  An ogre (D:9)
  A phantom (D:5)
  4 kobold brigands
  5 gnoll sergeants
  A wyvern zombie (D:7)
  5 scorpions
  A water moccasin zombie (D:6)
  Dowan (D:4)
  4 killer bees
  6 wights
  3 howler monkeys
  3 centaur zombies
  3 gnoll shamans
  6 hounds
  A centaur skeleton (D:7)
  2 orc priests
  3 orc wizards
  A howler monkey zombie (D:10)
  A howler monkey skeleton (D:7)
  13 gnolls
  An adder (D:6)
  An adder skeleton (D:5)
  8 orcs
  A goblin (D:4)
  2 jackals (D:7)
  A quokka (D:4)
  2 kobolds (D:8)
  A quokka skeleton (D:4)
99 creatures vanquished.

Vanquished Creatures (others)
  6 battlemagi
  A quokka (D:7)
  3 fungi (D:8)
10 creatures vanquished.

Grand Total: 243 creatures vanquished

Notes
Turn   | Place    | Note
-------+----------+-------------------------------------------
     0 | D:1      | issech the Troll Monk began the quest for the Orb.
     0 | D:1      | Reached XP level 1. HP: 22/22 MP: 0/0
   241 | D:1      | Reached XP level 2. HP: 28/29 MP: 1/1
  1020 | D:2      | Found Ruepsinal's Book Shop.
  1191 | D:2      | Reached XP level 3. HP: 35/36 MP: 2/2
  1410 | D:2      | Reached XP level 4. HP: 43/44 MP: 3/3
  1593 | D:3      | Reached skill level 3 in Dodging
  1717 | D:3      | Found a shimmering blue altar of Sif Muna.
  1717 | D:3      | Found a shimmering altar of Xom.
  1906 | D:3      | Noticed Sigmund
  1954 | D:3      | Killed Sigmund
  1955 | D:3      | Reached XP level 5. HP: 38/53 MP: 4/4
  2026 | D:3      | Reached XP level 6. HP: 50/61 MP: 5/5
  2302 | D:3      | Noticed Ijyb
  2310 | D:3      | Killed Ijyb
  2311 | D:3      | Reached skill level 5 in Maces & Flails
  2323 | D:3      | Found a faded altar of an unknown god.
  2587 | D:4      | Found a staircase to the Ecumenical Temple.
  2611 | Temple   | Entered the Ecumenical Temple
  2673 | Temple   | Became a worshipper of Hepliaklqana the Forgotten
  2673 | Temple   | Reached * piety under Hepliaklqana
  2673 | Temple   | Reached ** piety under Hepliaklqana
  2674 | Temple   | Remembered your ancestor Xiloxoch as a battlemage
  2859 | D:4      | Reached skill level 1 in Throwing
  2980 | D:4      | Noticed Dowan
  2980 | D:4      | Noticed Duvessa
  2990 | D:4      | Killed Duvessa
  2991 | D:4      | Reached XP level 7. HP: 6/60 MP: 6/6
  2993 | D:4      | Reached skill level 1 in Long Blades
  3001 | D:4      | Killed Dowan
  3322 | D:5      | Entered Level 5 of the Dungeon
  3635 | D:5      | Reached XP level 8. HP: 44/70 MP: 7/7
  3753 | D:5      | Reached skill level 4 in Dodging
  4342 | D:6      | Found the +9 staff of Olgreb {rPois∞}
  4345 | D:6      | Found a runed translucent door.
  4355 | D:6      | Found a runed translucent gate.
  4356 | D:6      | Found a runed translucent gate.
  4357 | D:6      | Found a runed translucent door.
  4369 | D:6      | Found a runed translucent gate.
  4463 | D:6      | Found a broken altar of Ashenzari.
  4595 | D:6      | Found Fuc Wotaqi's Antique Armour Boutique.
  4798 | D:6      | Identified the +5 leather armour "Zagatiso" {rElec rC-
                  | Int+2}
  4957 | D:6      | Reached XP level 9. HP: 46/78 MP: 8/8
  5137 | D:6      | Found Lunack's Assorted Antiques.
  5236 | D:7      | Reached *** piety under Hepliaklqana
  5256 | D:7      | Reached skill level 5 in Fighting
  5310 | D:7      | Identified the +0 scale mail "Uqaobus" {Str+4}
  5318 | D:7      | Found a transporter.
  5323 | D:7      | Noticed Malificent's ghost (novice DsFi)
  5415 | D:7      | Found a hide-covered altar of Uskayaw.
  5486 | D:7      | Reached skill level 5 in Long Blades
  5723 | D:7      | Found Dylaored's Book Emporium.
  5826 | D:7      | Reached skill level 5 in Dodging
  5886 | D:7      | Found a white marble altar of Elyvilon.
  5908 | D:7      | Found a transporter.
  6218 | D:8      | Reached skill level 1 in Short Blades
  6346 | D:8      | Found Unuine's Distillery.
  6411 | D:8      | Noticed Prince Ribbit
  6415 | D:8      | Killed Prince Ribbit
  6434 | D:8      | Found Guguret's Distillery.
  6469 | D:8      | Found an iron altar of Okawaru.
  6641 | D:8      | Reached **** piety under Hepliaklqana
  6734 | D:8      | Found Imir Catyj's Assorted Antiques.
  6833 | D:8      | Found a shadowy altar of Dithmenos.
  6929 | D:8      | Found Pazaog's Jewellery Shop.
  7227 | D:9      | Found a staircase to the Lair.
  7228 | D:9      | Identified the ring "Kiyt" {rElec Dex+6}
  7292 | D:9      | Reached XP level 10. HP: 88/88 MP: 9/9
  7609 | D:9      | Found a staircase to the Orcish Mines.
  7855 | D:6      | Reached skill level 6 in Dodging
  8612 | D:6      | Identified the +4 ring mail of Rugoic {+Inv Will+ Str-4
                  | Dex+4}
  8695 | D:7      | Killed Malificent's ghost
  8840 | D:9      | Reached skill level 5 in Short Blades
  9079 | D:8      | Reached skill level 1 in Staves
  9323 | D:9      | Reached XP level 11. HP: 92/96 MP: 10/10
 10144 | D:9      | Found an ornate altar of the Wu Jian Council.
 10679 | D:10     | Entered Level 10 of the Dungeon
 10682 | D:10     | Reached skill level 7 in Dodging
 10823 | D:10     | Noticed a catoblepas
 10826 | D:10     | Noticed a two-headed ogre
 10841 | D:10     | HP: 4/93 [two-headed ogre/+0 giant club (6)]
 10846 | D:10     | Slain by a catoblepas

Illustrated notes

Levels and vault maps discovered:
D:1:      dpeg_arrival_long_road, layout_loops_ring, serial_aquarium,
          aquarium_bridge_long_separate [aquarium_subvault_balcony,
          aquarium_subvault_wall, aquarium_subvault_bridge,
          aquarium_subvault_bridge, aquarium_subvault_wall,
          aquarium_subvault_wall], aquarium_window_fake, aquarium_window_1,
          aquarium_view_2b, aquarium_view_2c
D:2:      layout_loops_cross, serial_shops, shop
D:3:      layout_basic, gammafunk_temple_overflow_wave, serial_corexii_hall,
          chequers_hall_statues_wall_a, chequers_hall_statues_wall_a,
          chequers_hall_statues_wall_a, corexii_hall_statues_t,
          dilly_ecumenical_altar_fadedgnrine, uniq_sigmund, uniq_ijyb
D:4:      layout_rooms, minmay_temple_entry_offerings,
          hangedman_abyss_or_decor_passed, corexii_mini_fake_secret_closet,
          kennysheep_cross_room, uniq_duvessa
D:5:      layout_basic, interstate_on_off
D:6:      layout_basic, mainiacjoe_overflow_six_doors_small, serial_shops,
          kennysheep_mini, shop, minmay_misc_feat_room,
          minmay_guarded_unrand_staff_of_olgreb
D:7:      layout_cave_pools, lemuel_coloured_pillars_altar, elyvilon_altar_4,
          gammafunk_ghost_arena, serial_gnoll_camp, gnoll_camp_mini_hut,
          gnoll_camp_mini_loothouse, gnoll_camp_mini_shop, gnoll_camp_mini_hut,
          gnoll_camp_mini_doghouse, gnoll_camp_medium_01
D:8:      cheibrodos_quashed, layout_basic, mainiacjoe_overflow_alcove_4,
          okawaru_metal_pillars_3, serial_shops, nicolae_shop_trees,
          nicolae_lakefront_shop, kennysheep_mini_moat, nicolae_square_shop,
          uniq_prince_ribbit1
D:9:      layout_layer_cave, mainiacjoe_overflow_brackets, lair_entry_dummy,
          kennysheep_orc_monster_closet_entryway
D:10:     layout_basic, nicolae_ru_great_annihilating_truth
Temple:   dshaligram_water_room_temple

Skill      XL: |  1  2  3  4  5  6  7  8  9 10 11 |
---------------+----------------------------------+-----
Maces & Flails | 3 4 5 |  5.9
Dodging        | 3 4 5 6 7 |  7.0
Fighting       | 3 4 5 6 |  6.9
Throwing       | 1 2 3 4 |  4.6
Long Blades    | 2 4 5 |  5.6
Stealth        | 2 3 |  3.2
Short Blades   | 2 5 |  5.2
Staves         | 1 2 |  2.6

Action                   |  1- 3 |  4- 6 |  7- 9 | 10-12 || total
-------------------------+-------+-------+-------+-------++-------
Melee: Mace              |    79 |    67 |       |       ||   146
       Falchion          |       |    20 |    98 |       ||   118
       Rapier            |       |       |    90 |    98 ||   188
       Staff             |       |       |       |   106 ||   106
Throw: Boomerang         |       |    15 |    26 |    21 ||    62
Invok: Ancestor Life: Ba |       |     1 |       |       ||     1
       Recall Ancestor   |       |       |       |     2 ||     2
  Use: Scroll            |       |       |     8 |     2 ||    10
 Stab: Sleeping          |     1 |       |       |     1 ||     2
       Distracted        |       |       |       |     3 ||     3
Armor: Robe              |    52 |    33 |    75 |    50 ||   210
Dodge: Dodged            |    51 |    46 |   163 |   194 ||   454
